 Dungeon Crawl Stone Soup version 0.19.5 (console) character file.

480 Grinner the Basher (level 7, -2/74 HPs)
             Began as an Ogre Gladiator on Mar 19, 2017.
             Was an Initiate of Ru.
             Slain by Pikel
             ... wielding a +1 whip of electrocution
              (5 damage)
             ... on level 4 of the Dungeon.
             The game lasted 00:07:58 (4043 turns).

Grinner the Basher (Ogre Gladiator)                 Turns: 4043, Time: 00:07:59

Health: -2/74      AC:  4    Str: 23    XL:     7   Next: 12%
Magic:  7/7        EV: 10    Int:  7    God:    Ru [......]
Gold:   124        SH:  0    Dex: 13    Spells: 0 memorised, 6 levels left

rFire  . . .     SeeInvis +     a - +0 flail
rCold  . . .     Gourm    .     b - +0 robe
rNeg   . . .     Faith    .     (no shield)
rPois  .         Spirit   .     c - +0 hat
rElec  .         Reflect  .     p - +0 cloak
rCorr  .         Harm     .     (gloves unavailable)
MR     .....                    (boots unavailable)
Stlth  +.........               (no amulet)
                                t - +3 ring of dexterity
                                j - ring of see invisible

@: no status effects
A: unfitting armour, tough skin 1
a: Renounce Religion


You were on level 4 of the Dungeon.
You worshipped Ru.
Ru was noncommittal.
You were not hungry.

You visited 1 branch of the dungeon, and saw 4 of its levels.

You collected 124 gold pieces.

Inventory:

Hand Weapons
 a - a +0 flail (weapon)
 i - a +0 giant spiked club
Armour
 b - a +0 robe (worn)
 c - a +0 hat (worn)
 p - a +0 cloak (worn)
Jewellery
 j - a ring of see invisible (left hand)
 t - a +3 ring of dexterity (right hand)
Wands
 u - a wand of random effects (26/48)
Scrolls
 e - a scroll of recharging
 g - 4 scrolls of teleportation
 l - a scroll of identify {unknown}
 r - a scroll of enchant armour {unknown}
 s - a scroll of fog {unknown}
Potions
 f - 2 potions of curing
 h - a potion of magic {unknown}
 k - a potion of resistance {unknown}
 m - a potion of berserk rage {unknown}
 q - a potion of degeneration {unknown}
Comestibles
 n - a bread ration
 o - 2 beef jerkies
 v - 4 fruits


   Skills:
 + Level 5.8 Fighting
 * Level 8.9 Maces & Flails
 - Level 2.0 Throwing
 - Level 2.6 Dodging


You had 6 spell levels left.
You didn't know any spells.

Dungeon Overview and Level Annotations

Branches:
Dungeon (4/15)
 Temple: D:4-7

Altars:
Ru

Annotations:
D:4 Pikel, Sigmund


Innate Abilities, Weirdness & Mutations

You are too large for most types of armour.
You have tough skin. (AC +1)


Message History

Pikel is lightly wounded.
Sigmund mumbles some strange words.
Sigmund flickers and vanishes for a moment.
Pikel hits you but does no damage.
You hit Pikel.
Pikel is moderately wounded.
You closely miss Pikel.
Pikel is moderately wounded.
Pikel hits you but does no damage.
You barely miss Pikel.
Pikel is moderately wounded.
Pikel closely misses you.
You sock Pikel!
Pikel is moderately wounded.
Pikel hits you with a whip of electrocution.
* * * LOW HITPOINT WARNING * * *
You closely miss Pikel.
Pikel is moderately wounded.
Pikel hits you with a whip of electrocution.
You die...

##.....##...........#
#.##'####†..........#
#....g..†...........#
.....p.##......##...#
.....@.##..@...##...#
.......#.......#....#
.....K.#.......#....# ####
.#.g.g.#.....pp#....##....##
.....p.##(...ppK@..........#
.......##.....g#...........#
.>.....##......##..........#
.......##########...##....#
........+ #...##....###+###
.#.....## #.........##.....
g#.....## #.........#......
...........
#####.....+......
........... ####'###.....


You could see Pikel, Sigmund (invisible), 4 slaves and a gnoll.

Vanquished Creatures
  Menkaure (D:4)
  An ogre (D:4)
  A centaur skeleton (D:4)
  An orc wizard (D:3)
  A bullfrog skeleton (D:4)
  Ijyb (D:3)
  2 worker ants (D:4)
  A hound zombie (D:3)
  3 adders (D:2)
  A worm (D:2)
  3 dart slugs
  2 leopard geckos
  5 orcs (D:3)
  A ball python (D:4)
  5 bats
  4 giant cockroaches
  5 goblins
  8 hobgoblins
  4 jackals (D:3)
  12 kobolds
  2 quokkas
  5 frilled lizards
  6 rats
75 creatures vanquished.

Notes
Turn   | Place    | Note
-------+----------+-------------------------------------------
     0 | D:1      | Grinner the Ogre Gladiator began the quest for the Orb.
     0 | D:1      | Reached XP level 1. HP: 22/22 MP: 1/1
   151 | D:1      | Reached XP level 2. HP: 30/31 MP: 2/2
   902 | D:2      | Reached skill level 5 in Maces & Flails
   904 | D:2      | Reached XP level 3. HP: 31/37 MP: 3/3
  1764 | D:2      | Reached XP level 4. HP: 25/48 MP: 4/4
  1824 | D:2      | Reached skill level 6 in Maces & Flails
  2450 | D:3      | Reached XP level 5. HP: 15/54 MP: 5/5
  2718 | D:3      | Noticed Ijyb
  2729 | D:3      | Killed Ijyb
  2844 | D:3      | Found a sacrificial altar of Ru.
  3127 | D:3      | Reached skill level 7 in Maces & Flails
  3491 | D:3      | Became a worshipper of Ru the Awakened
  3554 | D:4      | Noticed Menkaure
  3566 | D:4      | Killed Menkaure
  3566 | D:4      | Reached skill level 5 in Fighting
  3566 | D:4      | Reached XP level 6. HP: 28/66 MP: 6/6
  3592 | D:4      | Reached skill level 8 in Maces & Flails
  3925 | D:4      | Reached XP level 7. HP: 65/74 MP: 7/7
  3978 | D:4      | Noticed Sigmund
  3991 | D:4      | Noticed Pikel
  4037 | D:4      | HP: 3/74 [Pikel/whip of electrocution (16)]
  4042 | D:4      | HP: 3/74 [Pikel/whip of electrocution (1)]
  4043 | D:4      | Slain by Pikel

Skill      XL: |  1  2  3  4  5  6 |
---------------+-------------------+-----
Fighting       | 3 4 5 |  5.8
Maces & Flails | 5 6 7 8 |  8.9
Throwing       | |  2.0
Dodging        | |  2.6

Action                   |  1- 3 |  4- 6 |  7- 9 || total
-------------------------+-------+-------+-------++-------
Melee: Flail             |   133 |   125 |    27 ||   285
Throw: Throwing net      |       |     4 |     2 ||     6
  Use: Scroll            |       |     3 |       ||     3
       Potion            |       |     1 |     2 ||     3
 Stab: Sleeping          |     1 |     1 |       ||     2
  Eat: Bread ration      |     1 |       |       ||     1
       Chunk             |       |     3 |       ||     3
       Meat ration       |       |     1 |       ||     1
Armor: Robe              |    41 |    34 |     6 ||    81
Dodge: Dodged            |    62 |    83 |    23 ||   168
